 Dungeon Crawl Stone Soup version 0.17.2-1-ge4368a0 (webtiles) character file.

432 ololoev the Chopper (level 6, -3/49 HPs)
             Began as a Demonspawn Berserker on Aug 1, 2016.
             Was a Believer of Trog.
             Slain by a centaur
             ... wielding a +0 halberd
              (7 damage)
             ... in a bailey.
             The game lasted 00:06:02 (797 turns).

ololoev the Chopper (Demonspawn Berserker)           Turns: 797, Time: 00:06:02

Health: -3/49      AC: 10    Str: 20    XL:     6   Next: 67%
Magic:  6/6        EV:  8    Int: 11    God:    Trog [**....]
Gold:   163        SH:  0    Dex: 12    Spells: 0 memorised, 5 levels left

rFire  . . .     SeeInvis .     a - +0 hand axe
rCold  . . .     Clarity  .     l - +0 chain mail
rNeg   . . .     SustAt   .     (no shield)
rPois  .         Gourm    .     h - +0 helmet
rElec  .         Spirit   .     (no cloak)
rCorr  .         Warding  .     (no gloves)
rMut   .         Stasis   .     (no boots)
MR     ++...                    (no amulet)
Stlth  ..........               (no ring)
                                d - +3 ring of intelligence

@: very slightly contaminated, regenerating, hasted, very quick, very resistant
to hostile enchantments, extremely unstealthy
A: hooves 1, spiny 2
a: Berserk, Trog's Hand, Burn Spellbooks, Renounce Religion


Innate Abilities, Weirdness & Mutations

You have large cloven feet.
You are mostly covered in sharp spines.

Inventory:

Hand Weapons
 a - a +0 hand axe (weapon)
Armour
 b - the +2 robe of Dudoroga {rF+ rC+ Dex+2, unknown}
   (You found it on level 7 of the Dungeon)

   It affects your dexterity (+2).
   It protects you from fire.
   It protects you from cold.
 h - a +0 helmet (worn)
 l - a +0 chain mail (worn)
Jewellery
 d - a +3 ring of intelligence (left hand)
Wands
 o - a wand of fireball (0)
Scrolls
 i - 4 scrolls of teleportation
Potions
 e - 2 potions of haste
 j - 2 potions of cancellation
Books
 g - a book of Flames

   Spells                             Type                      Level
   a - Flame Tongue                   Conjuration/Fire             1
   b - Throw Flame                    Conjuration/Fire             2
   c - Conjure Flame                  Conjuration/Fire             3
   d - Inner Flame                    Hexes/Fire                   3
   e - Sticky Flame                   Conjuration/Fire             4
   f - Fireball                       Conjuration/Fire             5
   Trog disapproves of the use of such an item.
Comestibles
 c - 3 chunks of flesh
 f - a beef jerky
 k - a royal jelly


   Skills:
 + Level 4.5 Fighting
 * Level 4.7 Axes
 + Level 3.0 Armour
 + Level 3.3 Dodging


You had 5 spell levels left.
You didn't know any spells.
You were in a bailey. You worshipped Trog. Trog was pleased with you. You were not hungry. You visited 1 branch of the dungeon, and saw 7 of its levels. You also visited: Bailey. You collected 163 gold pieces. ≈≈..≈≈≈≈≈≈≈o...≈≈## #.≈≈.≈≈≈.....≈≈≈...≈≈## #o≈.≈≈..≈≈≈≈≈..≈≈o.⌠≈≈# .≈≈.≈.≈≈≈...≈≈≈.≈≈.$≈≈# .≈.≈≈.≈..⌠.⌠..≈≈.≈o.$≈# .≈.o..≈..∩∩∩.(...≈.$$≈# .≈)≈≈.≈..⌠.⌠..≈≈.≈..$≈# .≈≈.≈.≈≈≈...≈≈≈.≈≈.$≈≈# #.≈.≈≈c@≈≈≈≈≈..≈≈..⌠≈≈# #.≈≈.≈≈≈.....≈≈≈...≈≈## #..≈≈..≈≈≈≈≈≈≈.o..≈≈## #.⌠.≈≈≈...oc.o≈≈..≈## ##....≈≈≈≈≈≈≈≈≈...≈# #####............≈# ##########+####

Notes
Turn   | Place    | Note
--------------------------------------------------------------
     0 | D:1      | ololoev the Demonspawn Berserker began the quest for the Orb.
     0 | D:1      | Reached XP level 1. HP: 18/18 MP: 1/1
   175 | D:1      | Gained mutation: You are partially covered in sharp spines. [demonic ancestry]
   175 | D:1      | Reached XP level 2. HP: 5/24 MP: 2/2
   261 | D:2      | Reached ** piety under Trog
   263 | D:2      | Noticed Robin
   306 | D:2      | Killed Robin
   306 | D:2      | Gained mutation: You have large cloven feet. [demonic ancestry]
   306 | D:2      | Reached XP level 3. HP: 22/29 MP: 3/3
   447 | D:5      | Entered Level 5 of the Dungeon
   473 | D:7      | Got a slimy robe
   499 | D:7      | Gained mutation: You are mostly covered in sharp spines. [demonic ancestry]
   499 | D:7      | Reached XP level 4. HP: 37/37 MP: 4/4
   567 | D:7      | Reached skill level 4 in Fighting
   567 | D:7      | Reached XP level 5. HP: 40/42 MP: 5/5
   578 | D:7      | Noticed an ice beast
   591 | D:7      | Noticed a hippogriff
   604 | D:7      | Killed an ice beast
   604 | D:7      | Reached XP level 6. HP: 29/48 MP: 6/6
   609 | D:7      | Killed a hippogriff
   732 | D:7      | Found a flagged portal.
   773 | Bailey   | Entered a bailey
   794 | Bailey   | HP: 1/49 [centaur/javelin of returning (7)]
   797 | Bailey   | Slain by a centaur

Dungeon Overview and Level Annotations

Branches:
Dungeon (7/15)
 Temple: D:4-7

Altars:


Message History

The javelin of returning hits you!
Use which ability? (? or * to list)
Your skin crawls.
You feel resistant to hostile enchantments.
You feel slightly more hungry.
Unknown command.
Unknown command.
Drink which item? (? for menu, Esc to quit)
You feel yourself speed up.
You are very lightly contaminated with residual magic.
Unknown command.
Evoke which item? (* to show all) (? for menu, Esc to quit)
Okay, then.
The centaur hits you but does no damage.
The orc barely misses you. x2
The orc hits you from afar with a spear.
Why would you want to do that? The orc hits you but does no damage.
The centaur throws a javelin of returning.
The javelin of returning hits you!
The weapon returns to the centaur!
An orc comes into view. It is wielding a spear.
The orc shouts!
Drink which item? (? for menu, Esc to quit)
It was a potion of magic.
Magic courses through your body.
The centaur throws a javelin of returning.
The javelin of returning hits you.
The weapon returns to the centaur!
Drink which item? (? for menu, Esc to quit)
It was a potion of cure mutation.
It has a very clean taste.
The centaur throws a javelin of returning.
The javelin of returning hits you.
The weapon returns to the centaur!
The centaur throws a javelin of returning.
The javelin of returning hits you!
The weapon returns to the centaur!
Found a halberd.
The centaur barely misses you. The centaur barely misses you.
You hit the centaur but do no damage. You kick the centaur, but do no damage.
The centaur is lightly wounded.
You feel the effects of Trog's Hand fading.
The centaur is struck by your spines. The centaur hits you with a halberd!
You die...

You could see 2 centaurs and 4 orcs.

Vanquished Creatures
  A hippogriff (D:7)
  An ice beast (D:7)
  A killer bee (D:7)
  An orc wizard (D:7)
  A worker ant (D:7)
  Robin (D:2)
  3 gnolls (D:7)
  2 shadow imps (D:7)
  A worm (D:2)
  2 giant geckos
  5 orcs
  2 giant cockroaches
  A hobgoblin (D:2)
  3 jackals (D:7)
  A quokka (D:7)
  3 ball pythons
  13 goblins
  3 kobolds
  3 rats (D:1)
48 creatures vanquished.

Action                   |  1- 3 |  4- 6 || total
-------------------------+-------+-------++-------
Melee: Hand axe          |    55 |    34 ||    89
Invok: Berserk           |     4 |     1 ||     5
       Trog's Hand       |     3 |     3 ||     6
Evoke: Wand              |       |     3 ||     3
  Use: Scroll            |     4 |     1 ||     5
       Potion            |       |     3 ||     3
  Eat: Bread ration      |     1 |       ||     1
       Chunk             |       |     2 ||     2

Vault maps used:
D:1:      saegor_arrival_simple_e, minmay_misc_feat_iff
D:2:      zin_scriptorium, minmay_surrounded, uniq_iyjb, uniq_robin
D:3:      bloody_trog, marbit_many_paths, first_bread
D:4:      cheibriados_altar_wand_db, serial_shops, nicolae_shop_stone
D:5:      kennysheep_kobold_camp, temple_statues, serial_shops, shop
D:6:      uniq_edmund
D:7:      kennysheep_big_flooded_room, ashenzari_altar_1, enter_bailey_2
Bailey:   bailey_polearm_flooded_kennysheep, bailey
